 Dungeon Crawl Stone Soup version 0.27-a0-808-g60bc5d92e6 (webtiles) character file.

Game seed: 11039606460037277362

86 polve the Skirmisher (level 4, -2/37 HPs)
             Began as a Demonspawn Abyssal Knight on Mar 28, 2021.
             Was a Believer of Lugonu.
             Succumbed to Terence's poison
             ... on level 3 of the Dungeon.
             The game lasted 00:01:31 (2327 turns).

polve the Skirmisher (Demonspawn Abyssal Knight)    Turns: 2327, Time: 00:01:31

Health: -2/37      AC:  4    Str: 13    XL:     4   Next: 26%
Magic:  5/5        EV: 11    Int: 13    God:    Lugonu [**....]
Gold:   33         SH:  0    Dex: 13    Spells: 3/3 levels left

rFire    + . .     SeeInvis .     - Unarmed
rCold    x . .     Faith    .   (no shield)
rNeg     . . .     Spirit   .   b - +0 leather armour
rPois    .         Reflect  .   (no helmet)
rElec    .         Harm     .   f - +0 cloak
rCorr    .         Rampage  .   (no gloves)
Will     .....                  (no boots)
Stlth    +.........             (no amulet)
HPRegen  0.12/turn              d - ring of fire
MPRegen  0.09/turn              (no ring)

@: lethally poisoned (-2 -> -29)
A: claws 1, hooves 1, powered by death 1
a: Renounce Religion, Depart the Abyss, Bend Space


You were on level 3 of the Dungeon.
You worshipped Lugonu.
Lugonu was pleased with you.
You visited 1 branch of the dungeon, and saw 3 of its levels.
You visited the Abyss 1 time.

You collected 33 gold pieces.

Inventory:

Armour
 b - a +0 leather armour (worn)
 f - a +0 cloak (worn)
Jewellery
 d - a ring of fire (left claw)
Scrolls
 a - 2 scrolls of teleportation {unknown}
 c - 4 scrolls of identify {unknown}
 e - a scroll of noise {unknown}
 g - a scroll of immolation {unknown}


   Skills:
 - Level 3.6 Fighting
 - Level 1.7 Long Blades
 - Level 1.7 Armour
 - Level 0.8 Dodging
 + Level 3.0 Unarmed Combat
 - Level 2.4 Invocations


You had 3 spell levels left.
You didn't know any spells.
Your spell library contained the following spells:

 Spells                   Type           Power      Damage    Failure   Level
 Sting                    Tmut/Pois      0%         1d3       36%         1
 Poisonous Vapours        Pois/Air       0%         N/A       52%         2
 Ignite Poison            Fire/Tmut/Pois 0%         N/A       75%         3
 Mephitic Cloud           Conj/Pois/Air  0%         N/A       75%         3
 Olgreb's Toxic Radiance  Pois           0%         N/A       98%         4


Dungeon Overview and Level Annotations

Branches:
Dungeon (3/15)

Altars:

Shops:
D:2 :


Innate Abilities, Weirdness & Mutations

You have sharp fingernails.
You have large cloven feet.
You regenerate a little health from kills.


Message History

You are too injured to fight recklessly!
You are too injured to fight recklessly!
You are too injured to fight recklessly!
You are too injured to fight recklessly!
You are too injured to fight recklessly!
You are too injured to fight recklessly!
You are too injured to fight recklessly!
You are too injured to fight recklessly!
You are too injured to fight recklessly!
You are too injured to fight recklessly!
You are too injured to fight recklessly!
You are too injured to fight recklessly!
You closely miss Terence.
Terence is heavily wounded.
You feel sick. Terence hits you but does no damage.
You are more poisoned.
You completely miss Terence.
Terence is heavily wounded.
You feel sick. Terence hits you but does no damage.
You scratch Terence. You kick Terence, but do no damage.
You claw Terence, but do no damage.
Terence is almost dead.
You feel sick. Terence misses you.
You scratch Terence.
Terence is almost dead.
You feel sick.
Terence hits you with a +1 short sword of venom.
* * * LOW HITPOINT WARNING * * *
You are lethally poisoned!
You scratch Terence but do no damage. You kick Terence, but do no damage.
Terence is almost dead.
* * * LOW HITPOINT WARNING * * *
You feel very sick.
Terence hits you with a +1 short sword of venom.
* * * LOW HITPOINT WARNING * * *
You are more poisoned.
You scratch Terence.
You kill Terence!
Lugonu accepts your kill.
You die...

.# #.# #.#
#.# #
###.###.#
#..<....###
#.<..##....
#.........#
#..@)#####
#)#.##
#.### #. ..
.. #?# ..


There were no monsters in sight!

Vanquished Creatures
  Terence (D:3)
  3 adders (D:2)
  2 dart slugs
  7 ball pythons
  2 bats (D:2)
  4 endoplasms
  5 giant cockroaches
  4 goblins
  4 hobgoblins
  6 jackals
  6 kobolds
  A frilled lizard (D:1)
  6 rats
51 creatures vanquished.

Notes
Turn   | Place    | Note
-------+----------+-------------------------------------------
     0 | Abyss:1  | polve the Demonspawn Abyssal Knight began the quest for the
                  | Orb.
     0 | Abyss:1  | Reached XP level 1. HP: 18/18 MP: 2/2
    90 | Abyss:1  | Noticed a rakshasa
    93 | D:1      | Escaped the Abyss
   441 | D:1      | Gained mutation: You have sharp fingernails. [demonic
                  | ancestry]
   441 | D:1      | Reached XP level 2. HP: 14/24 MP: 3/3
   619 | D:1      | Reached * piety under Lugonu
   667 | D:1      | Reached skill level 1 in Unarmed Combat
   914 | D:1      | Gained mutation: You have large cloven feet. [demonic
                  | ancestry]
   914 | D:1      | Reached XP level 3. HP: 26/30 MP: 4/4
  1102 | D:2      | Found Aduhaush's Book Shoppe.
  1896 | D:2      | Gained mutation: You regenerate a little health from kills.
                  | [demonic ancestry]
  1896 | D:2      | Reached XP level 4. HP: 31/37 MP: 5/5
  2101 | D:2      | Reached ** piety under Lugonu
  2312 | D:3      | Noticed Terence
  2327 | D:3      | Killed Terence
  2327 | D:3      | Succumbed to Terence's poison

Illustrated notes

Levels and vault maps discovered:
D:1:      eino_arrival_tree_alley, layout_basic, minmay_box_of_dots
D:2:      layout_loops_cross, serial_shops, nicolae_shop_statue_plus
D:3:      layout_loops_ring, grunt_ministairs_11, uniq_grinder, uniq_natasha,
          uniq_sigmund, uniq_terence, uniq_crazy_yiuf_cottage

Skill      XL: |  1  2  3  4 |
---------------+-------------+-----
Unarmed Combat | 1 2 3 |  3.0
Fighting       | |  3.6
Long Blades    | |  1.7
Armour         | |  1.7
Dodging        | |  0.8
Invocations    | |  2.4

Action                   |  1- 3 |  4- 6 || total
-------------------------+-------+-------++-------
Melee: Falchion          |    87 |       ||    87
       Unarmed           |    12 |    49 ||    61
       Kick              |     9 |    10 ||    19
       Punch             |       |     2 ||     2
Invok: Depart the Abyss  |     1 |       ||     1
Armor: Leather armour    |    28 |    17 ||    45
Dodge: Dodged            |    81 |    27 ||   108
       Rpst.: Falchion   |    23 |       ||    23

Table legend: (Time is in decaauts)
 A = Elapsed time spent in this place.
 B = Non-inter-level travel time spent in this place.
 C = Inter-level travel time spent in this place.
 D = Time resting spent in this place.
 E = Time spent auto-exploring this place.
 F = Levels seen in this place.
 G = Mean time per level.
                   A        B        C        D        E       F      G
               +--------+--------+--------+--------+--------+-----+--------+
         Total |   2341 |   2321 |     20 |      0 |   2025 |   4 |  585.2 |
       Dungeon |   2248 |   2228 |     20 |      0 |   1934 |   3 |  749.3 |
         Abyss |     93 |     93 |      0 |      0 |     91 |   1 |   93.0 |
               +--------+--------+--------+--------+--------+-----+--------+

Top non-repeatable levels by time:
     D:2: 1228 daAuts
     D:1: 1004 daAuts
 Abyss:1: 93 daAuts
     D:3: 15 daAuts
